 Dungeon Crawl Stone Soup version 0.17-a0-1769-g54adf96 (webtiles) character file.

73 TruthSerum the Cudgeler (level 4, 0/49 HPs)
             Began as an Ogre Gladiator on Sept 8, 2015.
             Was an Initiate of Qazlal.
             Slain by an orc
             ... wielding a +0 war axe
              (6 damage)
             ... on level 2 of the Dungeon.
             The game lasted 00:04:14 (1296 turns).

TruthSerum the Cudgeler (Ogre Gladiator)            Turns: 1296, Time: 00:04:15

Health: 0/49       AC:  3    Str: 20    XL:     4   Next: 27%
Magic:  4/4        EV: 10    Int:  7    God:    Qazlal [......]
Gold:   56         SH:  0    Dex: 11    Spells: 0 memorised, 3 levels left

rFire  . . .     SeeInvis .     a - +0 flail
rCold  . . .     Clarity  .     b - +0 robe
rNeg   . . .     SustAt   .     (no shield)
rPois  .         Gourm    .     c - +0 hat
rElec  .         Spirit   .     (no cloak)
rCorr  .         Warding  .     (gloves unavailable)
rMut   .         Stasis   .     (boots unavailable)
MR     .....                    (no amulet)
Stlth  +.........               (no ring)
                                m - ring of wizardry

@: not resistant to hostile enchantments, very unstealthy
A: unfitting armour, tough skin 1
a: Renounce Religion


You were on level 2 of the Dungeon.
You worshipped Qazlal.
Qazlal was noncommittal.
You were not hungry.

You visited 1 branch of the dungeon, and saw 3 of its levels.

You collected 56 gold pieces.

Inventory:

Hand weapons
 a - a +0 flail (weapon)
Missiles
 d - 3 throwing nets (quivered)
Armour
 b - a +0 robe (worn)
 c - a +0 hat (worn)
Jewellery
 m - a ring of wizardry (left hand)
Scrolls
 f - a scroll of immolation {unknown}
 h - 2 scrolls of identify {unknown}
 j - a scroll of enchant armour {unknown}
Potions
 k - 2 potions of flight {unknown}
 n - a potion of heal wounds {unknown}
Comestibles
 e - 3 bread rations
 g - 2 slices of pizza
 l - a meat ration


   Skills:
 + Level 4.6 Fighting
 + Level 5.3 Maces & Flails
 - Level 2.1 Throwing
 - Level 2.6 Dodging


You had 3 spell levels left.
You didn't know any spells.

Dungeon Overview and Level Annotations

Branches:
Dungeon (3/15)

Altars:
Qazlal
Sif Muna
Yredelemnul


Innate Abilities, Weirdness & Mutations

You are too large for most types of armour.
You have tough skin (AC +1).


Message History

You hit the orc but do no damage.
The orc is moderately wounded.
The orc hits you with a war axe.
* * * LOW HITPOINT WARNING * * *
The orc hits you.
* * * LOW HITPOINT WARNING * * *
The goblin hits you but does no damage.
You closely miss the orc.
The orc is moderately wounded.
The orc closely misses you. The orc hits you but does no damage.
The goblin hits you with a dagger.
* * * LOW HITPOINT WARNING * * *
Unknown command.
You completely miss the orc.
The orc is moderately wounded.
The orc hits you but does no damage. The orc barely misses you.
The goblin completely misses you.
You hit the orc but do no damage. The orc closely misses you.
The orc hits you with a war axe.
You die...

#.#...###..#.......#[.# #.#
#)##.## #..#.......#..# #.###
#.##.# ##....._......# #....
#.##.### #.#.......#..#####....
#......###.#.......#...[.......
######...)...##.....##..#.<......
##........(#.####.####.##.####.#.
##.###.###.#....go.....##.# #.#.
##.# #.# #.....o@.........# #.#.
##.###+###....############# #.#.
#....'_'..^....## ##.#.
#..#######......# ##.... ...# ###
#......# #########>....
##.#######......####.............
#...............................
########)......####.#####.##...#
####.#.## #.# #.###.##


You could see 2 orcs and a goblin.

Vanquished Creatures
  An orc priest (D:3)
  An ooze (D:1)
  2 worms (D:2)
  2 giant geckos (D:2)
  2 gnoll zombies (D:2)
  6 hobgoblins
  3 kobolds (D:1)
  A quokka (D:2)
  4 bats
  2 giant cockroaches (D:1)
  A giant newt (D:2)
  6 goblins
  4 rats
35 creatures vanquished.

Notes
Turn   | Place    | Note
--------------------------------------------------------------
     0 | D:1      | TruthSerum the Ogre Gladiator began the quest for the Orb.
     0 | D:1      | Reached XP level 1. HP: 22/22 MP: 1/1
   142 | D:1      | Reached XP level 2. HP: 25/31 MP: 2/2
   698 | D:2      | Reached XP level 3. HP: 39/39 MP: 3/3
   710 | D:2      | Found a deep blue altar of Sif Muna.
  1036 | D:2      | Found a basalt altar of Yredelemnul.
  1153 | D:2      | Reached skill level 5 in Maces & Flails
  1229 | D:2      | Found a stormy altar of Qazlal.
  1240 | D:2      | Became a worshipper of Qazlal Stormbringer
  1287 | D:3      | Reached XP level 4. HP: 36/49 MP: 4/4
  1296 | D:2      | Slain by an orc

Vault maps used:
D:1:      dpeg_arrival_pond
D:2:      lemuel_zombie_altar_yredelemnul, old_standard_altar,
          lemuel_doored_altar
D:3:      serial_forest, infiniplex_forest_lined_4_way, infiniplex_forest_end_2,
          infiniplex_forest_straight_1, infiniplex_forest_corner_1,
          infiniplex_forest_straight_1, infiniplex_forest_lined_ring,
          infiniplex_forest_diagonal

Action                   |  1- 3 |  4- 6 || total
-------------------------+-------+-------++-------
Melee: Flail             |   103 |     7 ||   110
  Use: Scroll            |     4 |       ||     4
  Eat: Chunk             |     1 |       ||     1
